 Dungeon Sprint DCSS version 0.31-a0-876-gfe8ebadbca (webtiles) character file.

Game seed: 9531168305895324485

544 rocky1 the Carver (level 7, -6/53 HPs)
             Began as a Djinni Gladiator on Oct 14, 2023.
             Was an Initiate of Gozag.
             Mangled by a wyvern (10 damage)
             ... in the Dungeon (Sprint II: "The Violet Keep of Menkaure").
             The game lasted 00:01:13 (225 turns).

rocky1 the Carver (Djinni Gladiator)                 Turns: 225, Time: 00:01:14

Health: -6/53      AC:  5    Str: 13    XL:     7   Next: 52%
Gold:   243        EV: 16    Int:  9    God:    Gozag SH:  0 Dex: 17

rFire   + + .        a - +0 long sword
rCold   x . .        (no shield)
rNeg    . . .        b - +0 leather armour
rPois   ∞            c - +0 helmet
rElec   .            (no cloak)
rCorr   .            (no gloves)
SInv    .            (boots unavailable)
Will    .....        (no amulet)
Stlth   +            (no ring)
HPRegen 0.28/turn    (no ring)
MPRegen 0.00/turn

%: no teleportation, infuse magic (-7 HP)
@: gold aura, flying, hasted, very quick
A: sickness immunity, fire resistance 2, cold vulnerability 1, float, innate
caster, HP casting, extra vitality 1
a: Renounce Religion, Potion Petition, Call Merchant, Bribe Branch


You were in the Dungeon.
You worshipped Gozag.
Gozag was aware of your devotion.
You visited 1 branch You collected 243 gold pieces.

Inventory:

Hand Weapons
 a - a +0 long sword (weapon)
Missiles
 d - 3 throwing nets (quivered)
 e - a javelin
Armour
 b - a +0 leather armour (worn)
 c - a +0 helmet (worn)
Scrolls
 j - a scroll of blinking


   Skills:
 + Level 4.6 Fighting
 * Level 10.7 Long Blades
 - Level 1.5 Throwing
 * Level 5.5 Armour
 + Level 8.6 Dodging


You knew the following spells:

 Your Spells              Type           Power      Damage    Failure   Level
a - Slow                  Hex            0%         N/A       45%         1
b - Jinxbite              Hex            0%         N/A       58%         2
c - Stone Arrow           Conj/Erth      0%         3d7       83%         3
Your spell library was empty.

Dungeon Overview and Level Annotations

Branches:
Dungeon (1/1)

Altars:
Cheibriados
Dithmenos
Elyvilon
Fedhas
Gozag
Hepliaklqana
Makhleb
Nemelex Xobeh
Okawaru
Qazlal
Ru
Trog
Uskayaw
Wu Jian
Xom
Yredelemnul
Zin
The Shining One
Jiyva
Lugonu

Annotations:
D exclusion: orange crystal statue


Innate Abilities, Weirdness & Mutations

You are immune to sickness and miasma.
You are immune to poison.
Your flesh is very heat resistant. (rF++)
You are vulnerable to cold. (rC-)
You float through the air rather than walking.
You learn spells naturally, not from books.
Your magical power is your life essence.
You have superior vitality. (+4 MHP)


Message History

You barely miss the wyvern.
The wyvern is almost dead.
The wyvern bites you!
You hit the wyvern.
You kill the wyvern!
Unknown command.
The wyvern bites you!
* * * LOW HITPOINT WARNING * * *
You slash the wyvern!
The wyvern is moderately wounded.
You hit the wyvern but do no damage.
The wyvern is moderately wounded.
The wyvern closely misses you.
You feel better. The wyvern bites you.
You hit the wyvern.
The wyvern is heavily wounded.
The wyvern barely misses you.
You barely miss the wyvern.
The wyvern is heavily wounded.
The wyvern closely misses you.
You closely miss the wyvern.
The wyvern is heavily wounded.
The walls and floor vibrate strangely for a moment.
The wyvern hisses menacingly.
The wyvern misses you.
You hit the wyvern.
The wyvern is heavily wounded.
The wyvern bites you!
* * * LOW HITPOINT WARNING * * *
You barely miss the wyvern.
The wyvern is heavily wounded.
The wyvern barely misses you.
You barely miss the wyvern.
The wyvern is heavily wounded.
The wyvern closely misses you.
You closely miss the wyvern.
The wyvern is heavily wounded.
The wyvern bites you!
You die...
Your body crumbles into a pile of gold.

#~~~....†....#
#~~~~.##+##..#
#~~~~##...##.####
+.### #~~~
#..#..#....# ...#
#~~ ##.#.####..##
#..# #~ ##÷##
##..# +..# #
##.## #..# #..#
+.<.+ +..####..##
##@## #..§.###...
#l# ##..§§§§~~~~
.#$ #~~.....~#'#
.#
#.#~~~§~~~..~#_.
##
##~~§~§~~~.~#._
#~~~§§≈~~~~§#_.
~~~~~~≈≈§§§§§#._
+++#~§§§≈≈≈§~#_.
##§§≈###≈≈#._


You could see a wyvern.

Vanquished Creatures
  A wyvern (D)
  Menkaure (D)
  A water moccasin (D)
  4 necrophages (D)
7 creatures vanquished.

Notes
Turn   | Place    | Note
-------+----------+-------------------------------------------
     0 | D        | rocky1 the Djinni Gladiator began the quest for the Orb.
     0 | D        | Reached XP level 1. HP: 18/18 MP: 0/0
     1 | D        | Noticed a necrophage
     1 | D        | Noticed a necrophage
     1 | D        | Noticed a necrophage
     1 | D        | Noticed a necrophage
     5 | D        | Killed a necrophage
     6 | D        | Reached skill level 5 in Long Blades
     6 | D        | Reached skill level 5 in Dodging
     6 | D        | Reached XP level 2. HP: 24/24 MP: 0/0
     6 | D        | Reached XP level 3. HP: 29/29 MP: 0/0
     6 | D        | Learned a level 1 spell: Slow
     6 | D        | Reached XP level 4. HP: 34/34 MP: 0/0
     7 | D        | Killed a necrophage
     8 | D        | Reached skill level 7 in Long Blades
     8 | D        | Reached XP level 5. HP: 40/40 MP: 0/0
     8 | D        | Learned a level 2 spell: Jinxbite
    19 | D        | Reached skill level 8 in Long Blades
    24 | D        | Reached XP level 6. HP: 32/47 MP: 0/0
    54 | D        | Noticed an orange crystal statue
    56 | D        | Noticed Menkaure
    59 | D        | Noticed a water moccasin
    64 | D        | Killed Menkaure
    65 | D        | Reached skill level 9 in Long Blades
    65 | D        | Reached skill level 5 in Armour
    72 | D        | Killed a water moccasin
    73 | D        | Reached skill level 10 in Long Blades
    73 | D        | Reached XP level 7. HP: 16/52 MP: 0/0
    73 | D        | Learned a level 3 spell: Stone Arrow
    89 | D        | Found an iron altar of Okawaru.
    89 | D        | Found a glowing silver altar of Zin.
    90 | D        | Found a sparkling altar of Nemelex Xobeh.
    90 | D        | Found a hide-covered altar of Uskayaw.
    91 | D        | Found an opulent altar of Gozag.
    91 | D        | Found a burning altar of Makhleb.
    91 | D        | Found a bloodstained altar of Trog.
    92 | D        | Found a basalt altar of Yredelemnul.
    93 | D        | Found a blossoming altar of Fedhas.
    93 | D        | Found a corrupted altar of Lugonu.
    94 | D        | Found a shimmering altar of Xom.
    95 | D        | Found a white marble altar of Elyvilon.
    95 | D        | Found a sacrificial altar of Ru.
    96 | D        | Found a shadowy altar of Dithmenos.
    96 | D        | Found a viscous altar of Jiyva.
    98 | D        | Found a snail-covered altar of Cheibriados.
   101 | D        | Found a hazy altar of Hepliaklqana.
   102 | D        | Found a glowing golden altar of the Shining One.
   102 | D        | Found an ornate altar of the Wu Jian Council.
   102 | D        | Found a stormy altar of Qazlal.
   105 | D        | Became a worshipper of Gozag Ym Sagoz the Greedy
   206 | D        | Noticed a wyvern
   206 | D        | Noticed a wyvern
   214 | D        | Killed a wyvern
   225 | D        | Mangled by a wyvern

Illustrated notes

Levels and vault maps discovered:
D:        the_violet_keep_of_menkaure [sprint2_stairs_cluster_1,
          sprint2_shoproom, sprint2_temple, sprint2_basic_supplies,
          sprint2_obstacle_2, sprint2_obstacle_3, sprint2_obstacle_4,
          sprint2_obstacle_6, sprint2_obstacle_7, sprint2_timed_cluster_1,
          sprint2_smallroom_cluster_1, sprint2_smallroom_final_cluster_1,
          sprint2_transparent_cluster_1, sprint2_second_timed_cluster_1,
          sprint2_sniper_area_1, sprint2_heavy_combat_area_1,
          sprint2_mutation_trap_area_1, sprint2_forest_area_1,
          sprint2_light_combat_area_1, sprint2_behind_water_1,
          sprint2_near_end_vault_1]

Skill      XL: |  1  2  3  4  5  6 |
---------------+-------------------+-----
Long Blades    | 5 7 8 10 | 10.7
Armour         | 2 3 4 5 |  5.5
Dodging        | 5 6 7 8 |  8.6
Fighting       | 3 4 |  4.6
Throwing       | |  1.5

Action                     |  1- 3 |  4- 6 |  7- 9 || total
---------------------------+-------+-------+-------++-------
  Melee: Long sword        |     3 |    32 |    16 ||    51
    Use: Potion            |     1 |     1 |     2 ||     4
 Armour: Leather armour    |     1 |    14 |     7 ||    22
  Dodge: Dodged            |       |    12 |    10 ||    22

Table legend: (Time is in decaauts)
 A = Elapsed time spent in this place.
 B = Non-inter-level travel time spent in this place.
 C = Inter-level travel time spent in this place.
 D = Time resting spent in this place.
 E = Time spent auto-exploring this place.
 F = Levels seen in this place.
 G = Mean time per level.
                   A        B        C        D        E       F      G
               +--------+--------+--------+--------+--------+-----+--------+
         Total |    220 |    220 |      0 |     97 |      0 |   1 |  220.0 |
       Dungeon |    220 |    220 |      0 |     97 |      0 |   1 |  220.0 |
               +--------+--------+--------+--------+--------+-----+--------+

Top non-repeatable levels by time:
       D: 220 daAuts
